 Dungeon Crawl Stone Soup version 0.23-a0-488-g5fd82c5 (webtiles) character file.

1447786 tilp the Spry (level 27, 193/193 HPs)
             Began as a Gnoll Wizard on Nov 29, 2018.
             Was the Champion of Ashenzari.
             Escaped with the Orb
             ... and 3 runes on Dec 1, 2018!
             The game lasted 07:58:51 (93789 turns).

tilp the Spry (Gnoll Wizard)                       Turns: 93789, Time: 07:58:52

Health: 193/193    AC: 36    Str: 16    XL:     27
Magic:  45/45      EV: 22    Int: 36    God:    Ashenzari [******]
Gold:   3308       SH:  0    Dex: 14    Spells: 3/62 levels left

rFire    + + .     SeeInvis +   a - +9 great sword (freeze) (curse)
rCold    x . .     Gourm    .   (shield currently unavailable)
rNeg     . . .     Faith    .   Q - +8 fire dragon scales (curse)
rPois    +         Spirit   .   (helmet restricted)
rElec    .         Reflect  .   w - +2 cloak {MR+} (curse)
rCorr    .         Harm     .   I - +2 pair of gloves {Str+3} (curse)
MR       +++..     Clarity  +   s - +2 pair of boots {run} (curse)
Stlth    ++........             M - amulet of regeneration (curse)
HPRegen  0.82/turn              J - ring of wizardry (curse)
MPRegen  0.29/turn              W - +6 ring of intelligence (curse)

@: studying 2 skills, quick
A: distributed training, fangs 1, horns 1, talons 1, yellow scales 1, frail 1,
poison resistance, inhibited regeneration, evolution 1, subdued magic 2, strong
nose
0: Orb of Zot
}: 3/15 runes: barnacled, silver, gossamer
a: Curse Item, Scrying, Renounce Religion


You escaped.
You worshipped Ashenzari.
Ashenzari was exalted by your worship.
You were not hungry.

You visited 10 branches of the dungeon, and saw 49 of its levels.
You also visited: Labyrinth and Ice Cave.

You collected 7247 gold pieces.
You spent 3939 gold pieces at shops.

Inventory:

Hand Weapons
 a - a cursed +9 great sword of freezing (weapon)
Missiles
 q - 8 javelins of penetration (quivered)
Armour
 s - a cursed +2 pair of boots of running (worn)
 t - a +2 cloak of invisibility
 w - a cursed +2 cloak of magic resistance (worn)
 D - a cursed +2 helmet
 I - a cursed +2 pair of gloves of strength (worn)
 Q - cursed +8 fire dragon scales (worn)
Jewellery
 x - the ring "Inifamuh" {rN+ Str+2 Int+5}
   (You bought it in a shop on level 2 of the Elven Halls)

   [ring of intelligence]

   It affects your strength (+2).
   It affects your intelligence (+5).
   It protects you from negative energy.
 J - a cursed ring of wizardry (left hand)
 M - a cursed amulet of regeneration (around neck)
 W - a cursed +6 ring of intelligence (right hand)
Wands
 f - a wand of disintegration (31)
 m - a wand of scattershot (6)
 o - a wand of iceblast (73)
 r - a wand of acid (40)
 B - a wand of digging (4)
 E - a wand of polymorph (47)
 F - a wand of paralysis (18)
 G - a wand of clouds (11)
 K - a wand of flame (141)
Scrolls
 c - 3 scrolls of teleportation
 e - 8 scrolls of fear
 h - a scroll of blinking
 i - 39 scrolls of identify
 k - 4 scrolls of amnesia
 v - 5 scrolls of remove curse
 y - 5 scrolls of fog
 N - 3 scrolls of brand weapon
 T - 5 scrolls of enchant weapon
 V - 3 scrolls of holy word
 X - 15 scrolls of magic mapping
Potions
 g - 3 potions of agility
 j - 7 potions of curing
 p - 6 potions of ambrosia
 z - 11 potions of brilliance
 R - 2 potions of might
 S - 2 potions of cancellation
 U - 3 potions of flight
 Y - 7 potions of haste
 Z - 3 potions of mutation
Books
 l - a manual of Ice Magic
 H - a manual of Dodging
Miscellaneous
 C - a lamp of fire
 O - a phantom mirror
Comestibles
 d - 67 rations


   Skills:
 + Level 17.2 Fighting
 + Level 17.2 Short Blades
 + Level 17.2(22.2) Long Blades
 + Level 17.2 Axes
 + Level 17.2 Maces & Flails
 + Level 17.2 Polearms
 + Level 17.2 Staves
 + Level 17.2 Slings
 + Level 17.2 Bows
 + Level 17.2 Crossbows
 + Level 17.2 Throwing
 + Level 17.2(19.6) Armour
 + Level 19.8(22.1) Dodging
 + Level 17.6 Stealth
 + Level 17.2 Shields
 + Level 17.2 Unarmed Combat
 + Level 18.3 Spellcasting
 + Level 15.0(19.0) Conjurations
 + Level 14.9(18.9) Hexes
 + Level 14.9(18.9) Charms
 + Level 15.0(19.0) Summonings
 + Level 14.9(18.9) Necromancy
 + Level 15.0(19.0) Translocations
 + Level 14.9(18.9) Transmutations
 + Level 14.9(18.9) Fire Magic
 + Level 18.9(22.5) Ice Magic
 + Level 14.9(18.9) Air Magic
 + Level 14.9(18.9) Earth Magic
 + Level 14.9(18.9) Poison Magic
 + Level 18.5 Invocations
 + Level 17.2(21.0) Evocations


You had 3 spell levels left.
You knew the following spells:

 Your Spells              Type           Power        Failure   Level  Hunger
a - Throw Icicle          Conj/Ice       #######.     0%          4    None
b - Blink                 Tloc           N/A          0%          2    None
c - Bolt of Fire          Conj/Fire      #######...   1%          6    None
d - Slow                  Hex            #######.     0%          2    None
e - Silence               Hex/Air        #######...   0%          5    None
f - Freezing Cloud        Conj/Ice/Air   #######...   0%          6    None
g - Iron Shot             Conj/Erth      #######...   1%          6    None
h - Apportation           Tloc           ######       0%          1    None
i - Fireball              Conj/Fire      #######...   0%          5    None
j - Summon Lightning Spi  Summ/Air       #######.     0%          4    None
k - Deflect Missiles      Chrm/Air       #######...   1%          6    None
l - Regeneration          Chrm/Necr      #######...   0%          3    None
m - Summon Butterflies    Summ           #######.     0%          1    None
n - Ignition              Fire           #######...   1%          8    ####...

Your spell library contained the following spells:

 Spells                   Type           Power        Failure   Level  Hunger
 Animate Skeleton         Necr           N/A          0%          1    None
 Confusing Touch          Hex            ######       0%          1    None
 Corona                   Hex            #######      0%          1    None
 Flame Tongue             Conj/Fire      #####        0%          1    None
 Freeze                   Ice            ####         0%          1    None
 Magic Dart               Conj           ####         0%          1    None
 Sandblast                Erth           ######       0%          1    None
 Shock                    Conj/Air       ####         0%          1    None
 Sting                    Conj/Pois      ####         0%          1    None
 Summon Small Mammal      Summ           ####         0%          1    None
 Call Imp                 Summ           #######.     0%          2    None
 Corpse Rot               Necr           N/A          0%          2    None
 Ensorcelled Hibernation  Hex/Ice        ######       0%          2    None
 Passwall                 Tmut/Erth      #######.     0%          2    None
 Poisonous Vapours        Pois/Air       ######       0%          2    None
 Searing Ray              Conj           ######       0%          2    None
 Shroud of Golubria       Chrm/Tloc      #######...   0%          2    None
 Sublimation of Blood     Necr           #######...   0%          2    None
 Swiftness                Chrm/Air       #######.     0%          2    None
 Throw Flame              Conj/Fire      ######       0%          2    None
 Throw Frost              Conj/Ice       ######       0%          2    None
 Call Canine Familiar     Summ           #######.     0%          3    None
 Confuse                  Hex            #######.     0%          3    None
 Conjure Flame            Conj/Fire      #######.     0%          3    None
 Dazzling Spray           Conj/Hex       ######       0%          3    None
 Gell's Gravitas          Tloc           #######...   0%          3    None
 Ignite Poison            Fire/Tmut/Pois #######.     0%          3    None
 Inner Flame              Hex/Fire       #######.     0%          3    None
 Lesser Beckoning         Tloc           #######...   0%          3    None
 Mephitic Cloud           Conj/Pois/Air  #######.     0%          3    None
 Ozocubu's Armour         Chrm/Ice       #######.     0%          3    None
 Portal Projectile        Hex/Tloc       ######       0%          3    None
 Recall                   Summ/Tloc      N/A          0%          3    None
 Static Discharge         Conj/Air       #######.     0%          3    None
 Stone Arrow              Conj/Erth      ######       0%          3    None
 Summon Guardian Golem    Hex/Summ       #######.     0%          3    None
 Teleport Other           Tloc           #######.     0%          3    None
 Tukima's Dance           Hex            #######.     0%          3    None
 Vampiric Draining        Necr           #######...   0%          3    None
 Airstrike                Air            #######...   0%          4    None
 Cause Fear               Hex            #######...   0%          4    None
 Force Lance              Conj/Tloc      #######.     0%          4    None
 Fulminant Prism          Conj/Hex       #######...   0%          4    None
 Ice Form                 Ice/Tmut       #######.     0%          4    None
 Iskenderun's Mystic Bla  Conj           #######.     0%          4    None
 Leda's Liquefaction      Hex/Erth       #######...   0%          4    None
 Olgreb's Toxic Radiance  Pois           #######.     0%          4    None
 Petrify                  Tmut/Erth      #######.     0%          4    None
 Sticky Flame             Conj/Fire      #######.     0%          4    None
 Summon Ice Beast         Ice/Summ       #######.     0%          4    None
 Agony                    Necr           #######.     0%          5    None
 Alistair's Intoxication  Tmut/Pois      #######.     0%          5    None
 Aura of Abjuration       Summ           #######...   0%          5    None
 Bolt of Draining         Conj/Necr      #######...   0%          5    None
 Bolt of Magma            Conj/Fire/Erth #######...   0%          5    None
 Dispel Undead            Necr           #######.     0%          5    None
 Excruciating Wounds      Chrm/Necr      #######...   0%          5    None
 Iskenderun's Battlesphe  Conj/Chrm      #######.     0%          5    None
 Lee's Rapid Deconstruct  Erth           #######...   0%          5    None
 Lightning Bolt           Conj/Air       #######...   0%          5    None
 Metabolic Englaciation   Hex/Ice        #######...   0%          5    None
 Summon Demon             Summ           #######...   0%          5    None
 Summon Forest            Summ/Tloc      #######...   0%          5    None
 Summon Mana Viper        Hex/Summ       #######.     0%          5    None
 Venom Bolt               Conj/Pois      #######...   0%          5    None
 Yara's Violent Unravell  Hex/Tmut       #######...   0%          5    None
 Bolt of Cold             Conj/Ice       #######...   0%          6    None
 Ozocubu's Refrigeration  Ice            #######...   0%          6    None
 Simulacrum               Ice/Necr       #######...   0%          6    None
 Dispersal                Tloc           #######...   1%          6    None
 Hydra Form               Tmut           #######...   1%          6    None
 Invisibility             Hex            #######.     1%          6    None
 Shadow Creatures         Summ           N/A          1%          6    None
 Dragon Form              Tmut           #######...   1%          7    ##.....
 Ring of Flames           Chrm/Fire      #######...   1%          7    ##.....
 Discord                  Hex            #######...   1%          8    ####...
 Shatter                  Erth           #######...   32%         9    ######.
 Tornado                  Air            #######...   32%         9    ######.
 Passage of Golubria      Tloc           Unusable     N/A         4    N/A

Dungeon Overview and Level Annotations

Branches:
Dungeon (15/15)            Temple (1/1) D:5            Lair (6/6) D:8
 Shoals (4/4) Lair:4       Spider (4/4) Lair:4        Slime (0/5) Lair:6
    Orc (2/2) D:10            Elf (2/3) Orc:2        Vaults (5/5) D:14
  Crypt (0/3) Vaults:3     Depths (5/5) D:15            Zot (5/5) Depths:5

Altars:
Ashenzari
Cheibriados
Dithmenos
Elyvilon
Fedhas
Gozag
Hepliaklqana
Kikubaaqudgha
Makhleb
Nemelex Xobeh
Okawaru
Qazlal
Ru
Sif Muna
Trog
Uskayaw
Vehumet
Wu Jian
Xom
Yredelemnul
Zin
The Shining One
Beogh

Shops:
D:5 :   D:13 %   D:14 !   Orc:1 (:   Orc:2 !}([*   Elf:1 :   Elf:2 (!=
Shoals:2 [[:!   Vaults:1 *   Vaults:4 }   Vaults:5 [

Portals:
Hell: Depths:1 Depths:2 Depths:3 Depths:4 Depths:5
Abyss: Depths:3 Depths:4
Pandemonium: Depths:3
Ziggurat: Depths:1
Trove: Vaults:1 (give 8 potions of agility)

Annotations:
Lair:6 exclusion: 2 oklob plants
Shoals:1 !kraken on lhs
Shoals:2 !another kraken on lhs
Elf:2 3 runed doors
Vaults:2 hard glass monst vault
Depths:1 exclusions: eye of draining, floating eye, great orb of eyes and sensed monster (detected)
Depths:2 exclusions: ancient lich and 2 more exclusions
Depths:5 Mennas
Zot:2 exclusion: orb of fire


Innate Abilities, Weirdness & Mutations

Your experience applies equally to all skills.
You have very sharp teeth.
Your uncanny sense of smell can sniff out nearby items.
You have a pair of small horns on your head.
You have sharp toenails.
You are partially covered in yellow scales. (AC +2)
You are frail. (-10% HP)
Your system is resistant to poisons. (rPois)
You do not regenerate when monsters are visible.
You evolve.
Your spells are easier to cast, but less powerful.


Message History

There is a stone staircase leading up here.
You climb upwards.
There is a stone staircase leading down here.
There is an open door here.
You see here a +0 spear.
There is an open door here.
Items here: ))) [ a cursed -3 spear; a +0 dagger; a +0 halberd; a +0 chain mail You are feeling very hungry.
There is a stone staircase leading up here.
You eat one of the 68 rations.
That ration really hit the spot!
You climb upwards.
There is a stone staircase leading down here.
There is a stone staircase leading up here.
You climb upwards.
There is a stone staircase leading down here.
You open the door.
There is an open door here.
There is a staircase leading out of the dungeon here.
You have escaped!

######### #.......# ########
#####'#####.##########
#......###.........#...........
#......#.#.........#....#######
#......#.#..⌠...⌠..####........
#......#.#.........############
#......#.'....@....'.####......
#........#.........#......#####
#......#.#..⌠...⌠..########
#.......##.........########
#.......##.........##.....##
#........#####'#####.......##
#########...................#
#.).................###
########......................


There were no monsters in sight!

Vanquished Creatures
  3 ancient liches
  6 orbs of fire (Zot:5)
  A juggernaut (Depths:4)
  Saint Roka (Elf:2)
  Margery (Vaults:3)
  2 curse toes (Zot:5)
  3 Killer Klowns
  9 golden dragons
  2 electric golems (Zot:5)
  19 tentacled monstrosities
  17 Orb Guardians
  8 quicksilver dragons
  4 titans
  5 liches
  5 death cobs
  3 sphinxes
  Agnes (D:15)
  7 tengu reavers
  A thorn hunter (Depths:3)
  12 storm dragons
  2 draconian monks
  14 shadow dragons
  A balrug (Depths:1)
  5 frost giants
  6 fire giants
  4 draconian scorchers
  7 deep elf sorcerers
  13 vault wardens
  5 draconian knights
  4 emperor scorpions (Spider:4)
  8 ghost moths
  3 draconian shifters
  3 draconian stormcallers
  An iron dragon (Depths:2)
  A deep elf elementalist (Depths:4)
  13 stone giants
  A war gargoyle (Vaults:2)
  8 draconian annihilators
  9 ironheart preservers
  A caustic shrike skeleton (Depths:2)
  An entropy weaver (shapeshifter) (Depths:5)
  15 very ugly things
  5 green draconians
  12 black draconians
  3 vampire knights
  A deep elf annihilator (Depths:2)
  11 red draconians
  A minotaur (Lab)
  3 spark wasps
  8 purple draconians
  8 yellow draconians
  An ettin (shapeshifter) (Depths:4)
  2 deep elf death magi (Depths:4)
  5 white draconians
  10 ettins
  3 merfolk javelineers
  9 fire dragons
  14 yaktaur captains
  3 jiangshi (Depths:3)
  Fannar (D:11)
  4 merfolk impalers
  2 deep elf high priests (Depths:4)
  8 great orbs of eyes
  9 hydras
  5 ice dragons
  20 vault guards
  4 spriggan air magi (Depths:2)
  9 rakshasas
  A merfolk avatar (Shoals:2)
  12 centaur warriors
  A death knight (D:13)
  5 merfolk aquamancers
  4 alligator snapping turtles
  4 alligators (Depths:3)
  9 dancing weapons
  33 two-headed ogres
  3 satyrs
  3 death yaks (Lair:6)
  14 ogre magi
  3 spriggan berserkers
  2 deep troll earth magi (Depths:2)
  3 tengu warriors
  A deep troll shaman (Depths:4)
  2 vampire magi
  4 deep elf knights
  13 hell knights
  Sonja (D:10)
  A shadow wraith (Vaults:1)
  2 sun demons (Depths:1)
  A storm dragon zombie (Vaults:2)
  A sea snake (shapeshifter) (Depths:2)
  9 sea snakes
  4 skeletal warriors
  12 unseen horrors
  5 glowing orange brains
  An iron troll (Depths:4)
  Pikel (D:4)
  7 deep trolls
  3 swamp dragons
  11 ironbrand convokers
  2 wizards
  7 deep elf archers
  7 flayed ghosts
  A wolf spider zombie (D:13)
  9 orc knights
  3 phantasmal warriors
  8 necromancers
  31 ugly things
  6 harpies
  An orb spider (shapeshifter) (Depths:2)
  15 orb spiders
  2 cyclopes (shapeshifter)
  37 deep elf magi
  18 wolf spiders
  A sphinx skeleton (Vaults:2)
  2 orc sorcerers
  A stone giant zombie (Vaults:2)
  3 cyclopes
  30 slime creatures
  9 fauns
  9 manticores
  5 merfolk sirens
  7 black mambas
  An ice statue (IceCv)
  24 moths of wrath
  24 elephants
  Joseph (D:7)
  13 vault sentinels
  A stone giant skeleton (Vaults:1)
  4 water nymphs
  An eye of devastation (shapeshifter) (Vaults:5)
  2 black mambas (shapeshifter)
  12 spiny frogs
  A gargoyle (D:14)
  A rime drake (shapeshifter) (Depths:4)
  36 yaktaurs
  2 kobold demonologists (D:14)
  17 demonic crawlers
  A rime drake (Lair:6)
  12 freezing wraiths
  4 komodo dragons
  An efreet (Zot:2)
  5 tengu conjurers
  14 jumping spiders
  A merfolk (shapeshifter) (Depths:5)
  A troll (shapeshifter) (Vaults:5)
  6 trolls
  14 hornets
  32 merfolk
  A polar bear (Lair:2)
  3 wind drakes
  17 blink frogs
  Grinder (D:3)
  A hippogriff (shapeshifter) (Vaults:5)
  A dream sheep (shapeshifter) (Vaults:5)
  16 dream sheep
  3 snapping turtles
  A fire giant simulacrum (Vaults:2)
  An ice dragon zombie (Vaults:1)
  9 hippogriffs
  2 air elementals
  22 tarantellas
  44 yaks
  An ettin skeleton (Vaults:2)
  A spriggan (shapeshifter) (Depths:2)
  3 shadows
  Sigmund (D:2)
  28 redbacks
  7 spriggans
  An elf zombie (Depths:4)
  A wyvern (D:8)
  4 hogs
  A fire bat (shapeshifter) (Vaults:5)
  29 water elementals
  Eustachio (D:5)
  2 basilisks
  20 fire elementals
  2 steam dragons
  A hungry ghost (D:7)
  A hog (shapeshifter) (Vaults:2)
  4 vampire mosquitoes
  3 wargs
  A harpy simulacrum (D:13)
  2 swamp worms (Depths:3)
  6 acid dragons
  A swamp worm (shapeshifter) (Vaults:5)
  10 porcupines
  11 water moccasins
  A porcupine (shapeshifter) (Depths:3)
  2 swamp drakes (Depths:3)
  29 orc warriors
  2 sky beasts
  10 ice beasts
  4 slaves (D:4)
  2 black bears (shapeshifter)
  An eye of draining (shapeshifter) (Depths:5)
  A hornet zombie (D:8)
  An ogre (shapeshifter) (Depths:1)
  4 black bears
  An eye of draining (D:11)
  2 necrophages
  28 ogres
  7 boggarts
  19 wolves
  14 centaurs
  4 phantoms
  A wolf (shapeshifter) (Depths:2)
  5 big kobolds
  22 crocodiles
  Blork the orc (D:4)
  A gnoll sergeant (Orc:2)
  21 bullfrogs
  A deep troll simulacrum (Vaults:2)
  2 wyvern zombies
  A yaktaur skeleton (Vaults:1)
  A scorpion (shapeshifter) (Depths:2)
  A wyvern skeleton (D:14)
  3 scorpions
  11 wights
  4 killer bees
  3 howler monkeys
  2 electric eels
  9 crimson imps
  5 centaur zombies
  6 bullfrog zombies
  2 draconian simulacra (IceCv)
  5 hounds
  3 jellies
  13 orc priests
  10 iguanas
  A bullfrog skeleton (D:9)
  6 centaur skeletons
  Jessica (D:2)
  Ijyb (D:5)
  8 worker ants
  22 orc wizards
  A spriggan simulacrum (IceCv)
  A troll simulacrum (IceCv)
  2 hound skeletons
  A howler monkey zombie (D:8)
  3 worker ant zombies
  Robin (D:4)
  A naga simulacrum (IceCv)
  17 adders
  11 gnolls
  5 ogre simulacra (IceCv)
  6 shadow imps
  6 white imps (IceCv)
  An ooze (D:3)
  2 adder zombies
  3 worms
  A dart slug (D:3)
  9 leopard geckos
  79 orcs
  7 bats
  3 giant cockroaches
  5 hobgoblins
  17 jackals
  19 kobolds
  6 quokkas
  A ball python (D:2)
  A frilled lizard (D:3)
  22 goblins
  A leopard gecko skeleton (D:4)
  11 rats
1828 creatures vanquished.

Vanquished Creatures (collateral kills)
  An ancient lich (Zot:5)
  A Killer Klown (Zot:5)
  Nikola (Vaults:2)
  4 golden dragons
  5 Orb Guardians (Zot:5)
  2 tentacled monstrosities
  A sphinx (Vaults:3)
  A death cob (Zot:4)
  Kirke (Lair:5)
  A revenant (Vaults:3)
  2 tengu reavers
  7 shadow dragons
  A fire giant (Vaults:3)
  3 frost giants
  4 vault wardens
  3 iron dragons
  2 draconian scorchers (Zot:2)
  2 emperor scorpions (Spider:4)
  A very ugly thing (Depths:3)
  3 ironheart preservers
  An entropy weaver (Spider:4)
  2 stone giants (Vaults:5)
  2 vampire knights
  3 green draconians (Zot:3)
  2 yellow draconians
  A white draconian (Zot:2)
  5 red draconians (Zot:2)
  4 purple draconians
  2 fire dragons
  2 deep elf death magi
  A spectral golden dragon (Depths:4)
  2 merfolk impalers (Shoals:4)
  3 yaktaur captains
  A great orb of eyes (Depths:2)
  A rakshasa (Vaults:3)
  An ice dragon (Depths:5)
  11 vault guards
  9 two-headed ogres
  A merfolk avatar (Shoals:3)
  3 hydras
  A centaur warrior (Orc:2)
  A catoblepas (Lair:6)
  2 tengu warriors (D:15)
  5 ogre magi
  4 merfolk aquamancers (Shoals:4)
  An orc high priest (Orc:1)
  A deep troll shaman (Depths:4)
  A deep troll earth mage (Depths:1)
  2 hell knights (Depths:4)
  A spriggan berserker (Depths:5)
  3 deep elf knights
  8 skeletal warriors
  2 sea snakes
  2 flayed ghosts
  A wizard (Depths:2)
  3 deep trolls
  A swamp dragon (Lair:6)
  2 deep elf archers
  An ironbrand convoker (Vaults:1)
  5 orc knights
  2 necromancers
  8 deep elf magi
  3 harpies (Shoals:2)
  3 orc sorcerers
  3 orb spiders
  7 manticores
  4 elephants
  14 ugly things
  3 cyclopes
  8 wolf spiders
  3 fauns
  Psyche (D:11)
  A merfolk siren (Shoals:2)
  A spiny frog (Lair:2)
  2 water nymphs
  3 vault sentinels
  A centaur skeleton (D:15)
  A gargoyle (D:15)
  A rime drake (Lair:6)
  A komodo dragon (Lair:6)
  An efreet (D:15)
  15 yaktaurs
  A tengu conjurer (Depths:5)
  2 trolls
  3 demonic crawlers
  11 merfolk
  3 freezing wraiths (IceCv)
  7 jumping spiders
  A merfolk (shapeshifter) (Vaults:2)
  2 hornets
  13 slime creatures
  2 dream sheep (Shoals:1)
  A hippogriff (Lair:6)
  A snapping turtle (Shoals:4)
  6 redbacks
  5 tarantellas
  A vampire (D:15)
  An ice dragon skeleton (Vaults:1)
  An ettin skeleton (Vaults:1)
  A yak (Lair:5)
  A water elemental (Shoals:4)
  A basilisk (Lair:2)
  3 hogs
  A human (D:13)
  A death yak simulacrum (IceCv)
  A warg (Orc:1)
  5 vampire mosquitoes
  A steam dragon (Lair:6)
  An ogre zombie (Vaults:1)
  2 water moccasins
  17 orc warriors
  3 ice beasts (IceCv)
  A wolf (Lair:5)
  A boggart (Vaults:2)
  12 ogres
  A crocodile (shapeshifter) (Vaults:5)
  2 crocodiles
  17 centaurs
  3 bullfrogs
  6 killer bees (D:13)
  3 wights (D:11)
  A draconian simulacrum (IceCv)
  3 orc priests
  2 iguanas (Lair:6)
  7 orc wizards
  2 polar bear simulacra (IceCv)
  A wolf simulacrum (IceCv)
  2 troll simulacra (IceCv)
  4 ogre simulacra (IceCv)
  2 adders
  3 naga simulacra (IceCv)
  A shadow imp (D:14)
  6 white imps (IceCv)
  22 orcs
  A quokka (D:2)
  6 kobolds (D:13)
  A plant (Shoals:3)
445 creatures vanquished.

Vanquished Creatures (others)
  A merfolk aquamancer (Shoals:4)
  A necromancer (Vaults:3)
  A deep elf mage (Elf:2)
  A moth of wrath (Zot:5)
  A water elemental (Elf:1)
  A human (Lair:5)
  A boggart (Vaults:2)
  A centaur (D:14)
  An orc wizard (D:8)
  24 fungi
  15 plants
  13 tentacles
61 creatures vanquished.

Grand Total: 2334 creatures vanquished

Notes
Turn   | Place    | Note
-------+----------+-------------------------------------------
     0 | D:1      | tilp the Gnoll Wizard began the quest for the Orb.
     0 | D:1      | Reached XP level 1. HP: 13/13 MP: 8/8
   120 | D:1      | Reached XP level 2. HP: 12/19 MP: 8/10
   729 | D:2      | Reached XP level 3. HP: 25/25 MP: 6/11
   733 | D:2      | Learned a level 2 spell: Blink
   736 | D:2      | Learned a level 2 spell: Call Imp
   739 | D:2      | Learned a level 2 spell: Slow
   743 | D:2      | Learned a level 3 spell: Conjure Flame
   747 | D:2      | Learned a level 3 spell: Mephitic Cloud
   911 | D:2      | Reached skill level 1 in Invocations
   920 | D:2      | Found a sparkling altar of Nemelex Xobeh.
   946 | D:2      | Found an opulent altar of Gozag.
   994 | D:2      | Noticed Sigmund
  1530 | D:3      | Reached skill level 1 in Fighting
  1530 | D:3      | Reached skill level 1 in Short Blades
  1530 | D:3      | Reached skill level 1 in Long Blades
  1530 | D:3      | Reached skill level 1 in Axes
  1530 | D:3      | Reached skill level 1 in Maces & Flails
  1530 | D:3      | Reached skill level 1 in Polearms
  1530 | D:3      | Reached skill level 1 in Staves
  1530 | D:3      | Reached skill level 1 in Slings
  1530 | D:3      | Reached skill level 1 in Bows
  1530 | D:3      | Reached skill level 1 in Crossbows
  1530 | D:3      | Reached skill level 1 in Throwing
  1530 | D:3      | Reached skill level 1 in Armour
  1530 | D:3      | Reached skill level 1 in Shields
  1530 | D:3      | Reached skill level 1 in Unarmed Combat
  1530 | D:3      | Reached skill level 1 in Evocations
  1652 | D:3      | Reached XP level 4. HP: 31/32 MP: 0/13
  1936 | D:3      | Reached skill level 1 in Hexes
  1936 | D:3      | Reached skill level 1 in Charms
  1936 | D:3      | Reached skill level 1 in Necromancy
  1936 | D:3      | Reached skill level 1 in Transmutations
  1936 | D:3      | Reached skill level 1 in Fire Magic
  1936 | D:3      | Reached skill level 1 in Ice Magic
  1936 | D:3      | Reached skill level 1 in Air Magic
  1936 | D:3      | Reached skill level 1 in Earth Magic
  1936 | D:3      | Reached skill level 1 in Poison Magic
  2016 | D:3      | Reached XP level 5. HP: 36/37 MP: 9/14
  2290 | D:3      | Found a faded altar of an unknown god.
  2290 | D:3      | Found a radiant altar of Vehumet.
  2295 | D:3      | Found a deep blue altar of Sif Muna.
  2297 | D:3      | Found a faded altar of an unknown god.
  2298 | D:3      | Found a hazy altar of Hepliaklqana.
  2629 | D:4      | Noticed Grinder
  2656 | D:3      | Reached XP level 6. HP: 38/44 MP: 12/16
  2726 | D:4      | Noticed Blork the orc
  3104 | D:5      | Entered Level 5 of the Dungeon
  3154 | D:5      | Reached skill level 5 in Dodging
  3160 | D:5      | Noticed Eustachio
  3203 | D:5      | Killed Eustachio
  3314 | D:5      | Found a staircase to the Ecumenical Temple.
  3332 | D:5      | Reached XP level 7. HP: 50/50 MP: 14/18
  3483 | Temple   | Entered the Ecumenical Temple
  3640 | Temple   | Became a worshipper of Ashenzari the Shackled
  3763 | D:5      | Noticed Ijyb
  3931 | D:5      | Found Moost's Book Shoppe.
  3941 | D:5      | Reached skill level 5 in Stealth
  3982 | D:5      | Bought a book of Cantrips for 200 gold pieces
  3984 | D:5      | Learned a level 1 spell: Confusing Touch
  3986 | D:5      | Learned a level 1 spell: Apportation
  3988 | D:5      | Learned a level 1 spell: Summon Small Mammal
  4169 | D:4      | Paralysed by Grinder for 5 turns
  4336 | D:4      | Paralysed by Grinder for 5 turns
  4503 | D:4      | Killed Blork the orc
  4642 | D:4      | Noticed Pikel
  4817 | D:4      | Noticed Robin
  4830 | D:4      | Killed Robin
  4855 | D:4      | Killed Pikel
  4855 | D:4      | Reached XP level 8. HP: 37/58 MP: 16/20
  5212 | D:6      | Noticed a moth of wrath
  5215 | D:6      | Found a bloodstained altar of Trog.
  5408 | D:6      | Reached XP level 9. HP: 19/65 MP: 21/21
  5709 | D:6      | Reached skill level 6 in Dodging
  6505 | D:7      | Found a burning altar of Makhleb.
  6969 | D:7      | Noticed Joseph
  6979 | D:7      | Found a bloodstained altar of Trog.
  7033 | D:7      | Got the uncursed large shield of Modesty {rPois rN+ Str-4}
  7163 | D:7      | Reached * piety under Ashenzari
  7187 | D:7      | Found a stormy altar of Qazlal.
  7250 | D:7      | Reached skill level 5 in Invocations
  7435 | D:7      | Found a burning altar of Makhleb.
  7615 | D:7      | Reached XP level 10. HP: 73/73 MP: 22/22
  7980 | D:7      | Noticed a cyan ugly thing
  8030 | D:7      | Reached skill level 5 in Fighting
  8030 | D:7      | Reached skill level 5 in Short Blades
  8030 | D:7      | Reached skill level 5 in Long Blades
  8030 | D:7      | Reached skill level 5 in Axes
  8030 | D:7      | Reached skill level 5 in Maces & Flails
  8030 | D:7      | Reached skill level 5 in Polearms
  8030 | D:7      | Reached skill level 5 in Staves
  8030 | D:7      | Reached skill level 5 in Slings
  8030 | D:7      | Reached skill level 5 in Bows
  8030 | D:7      | Reached skill level 5 in Crossbows
  8030 | D:7      | Reached skill level 5 in Throwing
  8030 | D:7      | Reached skill level 5 in Armour
  8030 | D:7      | Reached skill level 5 in Shields
  8030 | D:7      | Reached skill level 5 in Unarmed Combat
  8030 | D:7      | Reached skill level 5 in Evocations
  8036 | D:7      | HP: 2/74 [cyan ugly thing (17)]
  8039 | D:7      | Killed a cyan ugly thing
  8189 | D:7      | Got the uncursed scale mail "Biruw" {+Blink Regen+}
  8372 | D:7      | Found a sacrificial altar of Ru.
  8583 | D:8      | Found a staircase to the Lair.
  8609 | D:8      | Reached skill level 7 in Dodging
  8872 | D:8      | Reached skill level 5 in Conjurations
  8872 | D:8      | Reached skill level 5 in Summonings
  8872 | D:8      | Reached skill level 5 in Translocations
  9318 | D:8      | Found a roughly hewn altar of Beogh.
  9318 | D:8      | Found a transporter.
  9434 | D:8      | Noticed a two-headed ogre
  9442 | D:8      | Killed a two-headed ogre
  9591 | D:8      | Found a transporter.
  9994 | D:9      | Reached XP level 11. HP: 81/81 MP: 24/24
  9996 | D:9      | Found an iron altar of Okawaru.
 10218 | D:9      | Found a blossoming altar of Fedhas.
 10245 | D:9      | Found a white marble altar of Elyvilon.
 10434 | D:9      | Noticed a two-headed ogre
 10449 | D:9      | Killed a two-headed ogre
 10554 | D:9      | Found a shadowy altar of Dithmenos.
 10664 | D:9      | Reached ** piety under Ashenzari
 10814 | D:9      | Reached skill level 5 in Hexes
 10814 | D:9      | Reached skill level 5 in Charms
 10814 | D:9      | Reached skill level 5 in Necromancy
 10814 | D:9      | Reached skill level 5 in Transmutations
 10814 | D:9      | Reached skill level 5 in Fire Magic
 10814 | D:9      | Reached skill level 5 in Ice Magic
 10814 | D:9      | Reached skill level 5 in Air Magic
 10814 | D:9      | Reached skill level 5 in Earth Magic
 10814 | D:9      | Reached skill level 5 in Poison Magic
 11055 | D:10     | Entered Level 10 of the Dungeon
 11791 | D:10     | Noticed Sonja
 11806 | D:10     | Killed Sonja
 12292 | D:10     | Found a staircase to the Orcish Mines.
 12310 | D:10     | Learned a level 3 spell: Portal Projectile
 12315 | D:10     | Learned a level 4 spell: Summon Lightning Spire
 12321 | D:10     | Learned a level 5 spell: Lee's Rapid Deconstruction
 12594 | D:2      | Killed Sigmund
 12608 | D:2      | Noticed Jessica
 12620 | D:2      | Killed Jessica
 12756 | D:3      | Killed Grinder
 12856 | D:5      | Killed Ijyb
 12879 | D:5      | Identified the +2 scale mail "Biruw" {+Blink Regen+} (You
                  | found it on level 7 of the Dungeon)
 13179 | Lair:1   | Entered Level 1 of the Lair of Beasts
 13224 | Lair:1   | Found a labyrinth entrance.
 13241 | Lair:1   | Reached skill level 8 in Dodging
 13284 | Lab      | Entered a labyrinth
 14336 | Lab      | Noticed a minotaur
 14380 | Lab      | Killed a minotaur
 14434 | Lab      | Found the +2 ratskin cloak {+Rats rPois rN+ Str-1 Int-1
                  | Dex+1}
 14683 | Lair:1   | Upgraded the game from 0.23-a0-481-g60b89c1 to
                  | 0.23-a0-484-g29ba69c
 14689 | Lair:1   | Reached *** piety under Ashenzari
 14790 | Lair:1   | Reached XP level 12. HP: 89/89 MP: 15/25
 15819 | Lair:2   | Reached skill level 10 in Spellcasting
 17012 | Lair:3   | Found a hazy altar of Hepliaklqana.
 17465 | Lair:4   | Noticed a five-headed hydra
 17489 | Lair:4   | Reached skill level 9 in Dodging
 17584 | Lair:4   | Reached **** piety under Ashenzari
 17588 | Lair:4   | Found a hole to the Spider Nest.
 17648 | Lair:4   | Reached XP level 13. HP: 82/98 MP: 22/27
 18293 | Lair:4   | Found a staircase to the Shoals.
 18706 | Lair:5   | Noticed Kirke
 18745 | Lair:5   | Killed Kirke
 19215 | Lair:5   | Reached ***** piety under Ashenzari
 19725 | D:7      | Killed Joseph
 19781 | D:5      | Bought the Incunabulum of the Harmful Mountains for 725
                  | gold pieces
 19787 | D:5      | Learned a level 5 spell: Bolt of Magma
 20093 | D:11     | Noticed Psyche
 20102 | D:11     | Killed Psyche
 20102 | D:11     | Reached XP level 14. HP: 106/106 MP: 19/29
 20469 | D:11     | Noticed Fannar
 20481 | D:11     | Killed Fannar
 21027 | D:11     | Reached skill level 10 in Dodging
 22148 | Orc:1    | Entered Level 1 of the Orcish Mines
 22159 | Orc:1    | Found a frozen archway.
 22215 | IceCv    | Entered an ice cave
 22985 | IceCv    | Reached skill level 10 in Stealth
 23434 | IceCv    | Found an ancient bone altar of Kikubaaqudgha.
 23804 | Orc:1    | Reached skill level 10 in Invocations
 23841 | Orc:1    | Found Dagredy's Antique Weapon Boutique.
 24164 | Orc:1    | Found Loingutt's Book Shoppe.
 24435 | Orc:2    | Entered Level 2 of the Orcish Mines
 24490 | Orc:2    | Found a staircase to the Elven Halls.
 24598 | Orc:2    | Found Wzie's Whimsical Warehouse.
 24607 | Orc:2    | Noticed a stone giant
 24632 | Orc:2    | Killed a stone giant
 24766 | Orc:2    | Bought an uncursed ring of wizardry for 510 gold pieces
 24776 | Orc:2    | Learned a level 6 spell: Bolt of Fire
 24783 | Orc:2    | Learned a level 6 spell: Iron Shot
 25458 | Orc:2    | Found Qexaf's Gadget Shoppe.
 25458 | Orc:2    | Found Jilof's Weapon Boutique.
 25460 | Orc:2    | Found Fuacheuf's Armour Shop.
 25462 | Orc:2    | Found Qigu's Distillery.
 25709 | Lair:6   | Entered Level 6 of the Lair of Beasts
 25709 | Lair:6   | Found a basalt altar of Yredelemnul.
 25999 | Lair:5   | Reached XP level 15. HP: 87/114 MP: 30/30
 26463 | Lair:6   | Found a staircase to the Slime Pits.
 28586 | D:13     | Found Ene Taej's Food Shop.
 28677 | D:13     | Reached skill level 10 in Fighting
 28677 | D:13     | Reached skill level 10 in Short Blades
 28677 | D:13     | Reached skill level 10 in Long Blades
 28677 | D:13     | Reached skill level 10 in Axes
 28677 | D:13     | Reached skill level 10 in Maces & Flails
 28677 | D:13     | Reached skill level 10 in Polearms
 28677 | D:13     | Reached skill level 10 in Staves
 28677 | D:13     | Reached skill level 10 in Slings
 28677 | D:13     | Reached skill level 10 in Bows
 28677 | D:13     | Reached skill level 10 in Crossbows
 28677 | D:13     | Reached skill level 10 in Throwing
 28677 | D:13     | Reached skill level 10 in Armour
 28677 | D:13     | Reached skill level 10 in Shields
 28677 | D:13     | Reached skill level 10 in Unarmed Combat
 28677 | D:13     | Reached skill level 10 in Evocations
 29931 | D:14     | Reached skill level 11 in Dodging
 30161 | D:14     | Found Roigrem's Distillery.
 30414 | D:14     | Found a gate to the Vaults.
 31359 | D:15     | Entered Level 15 of the Dungeon
 31414 | D:15     | Reached ****** piety under Ashenzari
 31780 | D:15     | Reached XP level 16. HP: 84/122 MP: 16/32
 32195 | D:15     | Identified a scroll of acquirement
 32208 | D:15     | Identified a cursed +1 pair of boots of running (You
                  | acquired it on level 15 of the Dungeon)
 32437 | D:15     | Noticed Agnes
 32735 | D:15     | Found a staircase to the Depths.
 33333 | Spider:1 | Entered Level 1 of the Spider Nest
 33450 | Spider:1 | Reached skill level 10 in Ice Magic
 33836 | Spider:1 | Identified the Reference Book on Self-Improvement
 33842 | Spider:1 | Learned a level 3 spell: Regeneration
 36056 | Spider:4 | Entered Level 4 of the Spider Nest
 37258 | Spider:4 | Reached XP level 17. HP: 131/131 MP: 9/33
 37724 | Spider:4 | Reached skill level 12 in Dodging
 38357 | Spider:4 | Got a gossamer rune of Zot
 38693 | Shoals:1 | Entered Level 1 of the Shoals
 39177 | D:5      | Bought a book of Flames for 350 gold pieces
 39184 | D:5      | Learned a level 5 spell: Fireball
 39891 | Shoals:1 | Noticed a kraken
 40054 | Shoals:2 | Found Usiqo's Book Emporium.
 40253 | Shoals:2 | Reached skill level 10 in Conjurations
 40253 | Shoals:2 | Reached skill level 10 in Summonings
 40253 | Shoals:2 | Reached skill level 10 in Translocations
 40680 | Shoals:2 | Found Jiny's Antique Armour Shoppe.
 40789 | Shoals:2 | Noticed a kraken
 41198 | Shoals:2 | Found Eraolu's Distillery.
 41458 | Shoals:2 | Found Teddien's Armour Emporium.
 42383 | Shoals:3 | Reached skill level 10 in Hexes
 42383 | Shoals:3 | Reached skill level 10 in Charms
 42383 | Shoals:3 | Reached skill level 10 in Necromancy
 42383 | Shoals:3 | Reached skill level 10 in Transmutations
 42383 | Shoals:3 | Reached skill level 10 in Fire Magic
 42383 | Shoals:3 | Reached skill level 10 in Air Magic
 42383 | Shoals:3 | Reached skill level 10 in Earth Magic
 42383 | Shoals:3 | Reached skill level 10 in Poison Magic
 42862 | Shoals:4 | Entered Level 4 of the Shoals
 43069 | Shoals:4 | Reached XP level 18. HP: 85/139 MP: 20/35
 44141 | Shoals:4 | Got a barnacled rune of Zot
 45048 | Shoals:4 | Identified the Disquisition on Conjuration
 45767 | Vaults:1 | Entered Level 1 of the Vaults
 47030 | Vaults:1 | Paralysed by a hornet for 2 turns
 47690 | Vaults:1 | Reached skill level 13 in Dodging
 47787 | Vaults:1 | Found Enwan Raf's Assorted Antiques.
 48027 | Vaults:1 | Found a portal to a secret trove of treasure.
 48031 | Vaults:1 | Identified the +4 ring mail of the Shoals {rF++ Dex+2}
 48031 | Vaults:1 | Identified the cursed +1 scale mail "Pepeociogu" {*Slow
                  | MP+9 Dex+7 Slay-5} (You acquired it on level 3 of the
                  | Spider Nest)
 48176 | Vaults:1 | Reached XP level 19. HP: 145/147 MP: 19/36
 49757 | Vaults:2 | Noticed Nikola
 51291 | Vaults:3 | Found a staircase to the Crypt.
 53399 | Vaults:4 | Reached XP level 20. HP: 141/155 MP: 24/38
 54667 | Vaults:4 | Found Vyehesim's Gadget Emporium.
 54681 | Vaults:4 | Bought a wand of digging (4) for 176 gold pieces
 54770 | Vaults:3 | Noticed Margery
 55094 | Vaults:2 | Killed Nikola
 55562 | Shoals:2 | Bought a book of Ice for 1040 gold pieces
 55567 | Shoals:2 | Learned a level 4 spell: Throw Icicle
 55574 | Shoals:2 | Learned a level 6 spell: Freezing Cloud
 55911 | Depths:1 | Entered Level 1 of the Depths
 55945 | Depths:1 | Found a gateway to a ziggurat.
 56284 | Depths:1 | Paralysed by a floating eye for 2 turns
 56465 | Depths:1 | Found a sparkling altar of Nemelex Xobeh.
 56465 | Depths:1 | Paralysed by a floating eye for 3 turns
 56797 | Depths:1 | Reached skill level 14 in Dodging
 57366 | Depths:1 | Found a gateway to Hell.
 57834 | Depths:2 | Reached XP level 21. HP: 163/163 MP: 39/39
 58141 | Depths:2 | Reached skill level 15 in Spellcasting
 58517 | Depths:2 | Noticed a golden dragon
 58530 | Depths:2 | Killed a golden dragon
 58893 | Depths:2 | Found the +7 Singing Sword {slice, sonic wave}
 58931 | Depths:2 | Identified the +2 hunting sling of Sudden Death {freeze,
                  | Str+3}
 58931 | Depths:2 | Identified the +6 falchion "Ysyoree" {holy, rN+ Str+4} (You
                  | found it on level 1 of the Lair of Beasts)
 60033 | D:15     | Identified the +4 ring mail of the Shoals {rF++ Dex+2}
 60034 | D:15     | Identified the +2 hunting sling of Sudden Death {freeze,
                  | Str+3}
 60420 | D:15     | Killed Agnes
 61195 | Vaults:3 | Killed Margery
 61195 | Vaults:3 | Reached skill level 15 in Invocations
 61583 | Vaults:5 | Entered Level 5 of the Vaults
 62057 | Vaults:5 | Found Fytseiheag's Antique Armour Boutique.
 62058 | Vaults:5 | Identified the +4 chain mail "Fueco" {Dex+2}
 62502 | Vaults:5 | Learned a level 6 spell: Deflect Missiles
 62801 | Vaults:5 | Reached skill level 15 in Ice Magic
 62834 | Vaults:5 | Reached XP level 22. HP: 157/172 MP: 38/41
 62932 | Vaults:5 | Identified the cursed +1 great sword of the Unseen Realm
                  | {slice, rElec MP+9 Dex+2 Stlth+}
 63137 | Vaults:5 | Identified the +1 rapier "Huvu Esuin" {holy, -Tele Int+3
                  | Dex+4}
 63137 | Vaults:5 | Identified the cursed +2 shortbow "Emyfaemn" {flame,
                  | Stlth+}
 63961 | Vaults:5 | Noticed a golden dragon
 63966 | Vaults:5 | Killed a golden dragon
 64001 | Vaults:5 | Paralysed by a lich for 4 turns
 64005 | Vaults:5 | Identified the cursed +1 great mace of the Known World
                  | {crush, rPois Str+4}
 64176 | Vaults:5 | Reached skill level 15 in Dodging
 64814 | Vaults:5 | Learned a level 1 spell: Summon Butterflies
 64870 | Vaults:5 | Identified the Almanac of Blistering Cold
 65037 | Vaults:5 | Identified a +1 pair of boots of running
 65069 | Vaults:5 | Got a silver rune of Zot
 65523 | Orc:2    | Bought a +2 cloak of magic resistance for 236 gold pieces
 65581 | Elf:1    | Entered Level 1 of the Elven Halls
 65712 | Elf:1    | Reached skill level 15 in Stealth
 65882 | Elf:1    | Found Haneytai's Book Boutique.
 67040 | Elf:2    | Upgraded the game from 0.23-a0-484-g29ba69c to
                  | 0.23-a0-488-g5fd82c5
 67051 | Elf:2    | Noticed Saint Roka
 67067 | Elf:2    | Found Maw Emmo's Jewellery Emporium.
 67074 | Elf:2    | Bought the ring "Inifamuh" {rN+ Str+2 Int+5} for 622 gold
                  | pieces
 67094 | Elf:2    | Found Fuciz's Antique Weapon Shoppe.
 67286 | Elf:2    | Found a runed gate.
 67286 | Elf:2    | Found a runed gate.
 67290 | Elf:2    | Found a runed gate.
 67544 | Elf:2    | Found Zuwet's Distillery.
 67566 | Elf:2    | Identified the +6 chain mail of the Fife {Str+5 Dex+3}
 67578 | Elf:2    | Bought a potion of agility for 80 gold pieces
 67819 | Elf:2    | Killed Saint Roka
 68446 | Depths:2 | Reached XP level 23. HP: 157/179 MP: 20/42
 68995 | Depths:2 | Noticed an ancient lich
 69340 | Depths:3 | Found a one-way gate leading to the halls of Pandemonium.
 70297 | Depths:3 | Identified the +11 mace "Pippibusm" {crush, *Noise rElec
                  | rPois Stlth+}
 70302 | Depths:3 | Identified the Grimoire of the Shifting Compass
 70687 | Depths:3 | Found a one-way gate to the infinite horrors of the Abyss.
 71465 | Depths:4 | Reached skill level 15 in Fighting
 71465 | Depths:4 | Reached skill level 15 in Short Blades
 71465 | Depths:4 | Reached skill level 15 in Long Blades
 71465 | Depths:4 | Reached skill level 15 in Axes
 71465 | Depths:4 | Reached skill level 15 in Maces & Flails
 71465 | Depths:4 | Reached skill level 15 in Polearms
 71465 | Depths:4 | Reached skill level 15 in Staves
 71465 | Depths:4 | Reached skill level 15 in Slings
 71465 | Depths:4 | Reached skill level 15 in Bows
 71465 | Depths:4 | Reached skill level 15 in Crossbows
 71465 | Depths:4 | Reached skill level 15 in Throwing
 71465 | Depths:4 | Reached skill level 15 in Armour
 71465 | Depths:4 | Reached skill level 16 in Dodging
 71465 | Depths:4 | Reached skill level 15 in Shields
 71465 | Depths:4 | Reached skill level 15 in Unarmed Combat
 71465 | Depths:4 | Reached skill level 15 in Evocations
 71623 | Depths:4 | Identified the cursed +0 eveningstar of Inflation {venom,
                  | +Fly Str+3}
 71682 | Depths:4 | Noticed a juggernaut
 71694 | Depths:4 | Paralysed by a great orb of eyes for 3 turns
 71709 | Depths:4 | Killed a juggernaut
 71756 | Depths:4 | Noticed a golden dragon
 71896 | Depths:4 | Killed a golden dragon
 71997 | Depths:4 | Noticed a golden dragon
 72537 | Depths:4 | Noticed a golden dragon
 72802 | Depths:4 | Killed a golden dragon
 72818 | Depths:4 | Killed a golden dragon
 72818 | Depths:4 | Reached XP level 24. HP: 186/189 MP: 0/43
 73644 | Depths:4 | Identified the +7 arbalest of an ossuary {freeze, *Drain
                  | rN+ MP+9}
 73682 | Depths:4 | Identified the Almanac of the Lizard
 74214 | Depths:4 | Noticed an ancient lich
 74224 | Depths:4 | Killed an ancient lich
 74761 | Depths:4 | Identified the Compendium of the Ninety-Nine Mice
 74846 | Depths:5 | Entered Level 5 of the Depths
 75156 | Depths:5 | Identified the +6 large shield of Purpose {rCorr Str+7}
 75156 | Depths:5 | Noticed Mennas
 75257 | Depths:5 | Reached skill level 17 in Dodging
 75630 | Depths:5 | Gained mutation: You are dopey. (Int -2) [a shining eye]
 76188 | Depths:5 | Found a gate to the Realm of Zot.
 76991 | Depths:5 | Learned a level 5 spell: Silence
 77013 | Zot:1    | Entered Level 1 of the Realm of Zot
 78431 | Zot:2    | Reached XP level 25. HP: 197/197 MP: 16/43
 80694 | Zot:2    | Noticed an orb of fire
 82162 | Zot:3    | Reached skill level 18 in Dodging
 83206 | Zot:3    | Noticed a Killer Klown
 83226 | Zot:3    | Killed a Killer Klown
 83478 | Zot:3    | Noticed a Killer Klown
 83544 | Zot:3    | Killed a Killer Klown
 83672 | Zot:3    | Identified the +0 helmet "Igrigeaz" {rN++ MR- Regen+ SInv}
 86067 | Zot:4    | Reached XP level 26. HP: 97/206 MP: 2/44
 87360 | Zot:4    | Learned a level 8 spell: Ignition
 87375 | Zot:5    | Entered Level 5 of the Realm of Zot
 88493 | Zot:5    | Noticed an orb of fire
 88507 | Zot:5    | Noticed an ancient lich
 88508 | Zot:5    | Gained mutation: Scrolls take you a little longer to read.
                  | [an orb of fire]
 88508 | Zot:5    | HP: 1/206 [ancient lich/bolt of lightning (51)]
 88518 | Zot:5    | Lost mutation: You are dopey. (Int -2) [potion of mutation]
 88518 | Zot:5    | Lost mutation: Scrolls take you a little longer to read.
                  | [potion of mutation]
 88518 | Zot:5    | Gained mutation: You are dopey. (Int -2) [potion of
                  | mutation]
 88518 | Zot:5    | Gained mutation: You are partially covered in rugged brown
                  | scales. (AC +1, +3% HP) [potion of mutation]
 88518 | Zot:5    | Gained mutation: Your muscles are strong. (Str +2) [potion
                  | of mutation]
 88518 | Zot:5    | Gained mutation: You are robust. (+10% HP) [potion of
                  | mutation]
 88898 | Zot:5    | Killed an orb of fire
 88940 | Zot:5    | Killed an ancient lich
 88940 | Zot:5    | Reached skill level 19 in Dodging
 89522 | Zot:5    | Noticed an orb of fire
 89531 | Zot:5    | Noticed an ancient lich
 89552 | Zot:5    | Killed an ancient lich
 89698 | Zot:5    | Noticed an orb of fire
 89707 | Zot:5    | Killed an orb of fire
 89830 | Zot:5    | Killed an orb of fire
 90078 | Zot:5    | Noticed an ancient lich
 90094 | Zot:5    | Killed an ancient lich
 90595 | Zot:5    | Noticed an orb of fire
 90915 | Zot:5    | Reached XP level 27. HP: 238/241 MP: 24/45
 91024 | Zot:5    | Gained mutation: Your spells are a little easier to cast,
                  | but a little less powerful. [an orb of fire]
 91029 | Zot:5    | Killed an orb of fire
 91308 | Zot:5    | Noticed an orb of fire
 91315 | Zot:5    | Gained mutation: Armour fits poorly on your strangely
                  | shaped body. [an orb of fire]
 91318 | Zot:5    | Gained mutation: Your magical capacity is low. (-10% MP)
                  | [an orb of fire]
 91319 | Zot:5    | Noticed an orb of fire
 91323 | Zot:5    | Gained mutation: Your spells are easier to cast, but less
                  | powerful. [an orb of fire]
 91344 | Zot:4    | Lost mutation: Your muscles are strong. (Str +2) [potion of
                  | mutation]
 91344 | Zot:4    | Lost mutation: You are dopey. (Int -2) [potion of mutation]
 91344 | Zot:4    | Lost mutation: Armour fits poorly on your strangely shaped
                  | body. [potion of mutation]
 91344 | Zot:4    | Lost mutation: You are robust. (+10% HP) [potion of
                  | mutation]
 91344 | Zot:4    | Gained mutation: You are partially covered in yellow
                  | scales. (AC +2) [potion of mutation]
 91344 | Zot:4    | Gained mutation: You evolve. [potion of mutation]
 91612 | Zot:5    | Gained mutation: Scrolls take you a little longer to read.
                  | [an orb of fire]
 91616 | Zot:5    | Gained mutation: You occasionally shout uncontrollably at
                  | your foes. [an orb of fire]
 91627 | Zot:5    | Gained mutation: Your body sometimes deteriorates upon
                  | taking damage. [an orb of fire]
 91628 | Zot:5    | Gained mutation: Scrolls take you longer to read. [an orb
                  | of fire]
 91632 | Zot:5    | Gained mutation: Potions are less effective at restoring
                  | your health. [an orb of fire]
 91639 | Zot:5    | Killed an orb of fire
 91657 | Zot:4    | Lost mutation: Scrolls take you longer to read. [potion of
                  | mutation]
 91657 | Zot:4    | Lost mutation: Scrolls take you a little longer to read.
                  | [potion of mutation]
 91657 | Zot:4    | Lost mutation: Potions are less effective at restoring your
                  | health. [potion of mutation]
 91657 | Zot:4    | Gained mutation: You have a pair of small horns on your
                  | head. [potion of mutation]
 91657 | Zot:4    | Gained mutation: You have sharp toenails. [potion of
                  | mutation]
 91658 | Zot:4    | Lost mutation: You occasionally shout uncontrollably at
                  | your foes. [potion of mutation]
 91658 | Zot:4    | Lost mutation: You are partially covered in rugged brown
                  | scales. (AC +1, +3% HP) [potion of mutation]
 91658 | Zot:4    | Lost mutation: Your body sometimes deteriorates upon taking
                  | damage. [potion of mutation]
 91658 | Zot:4    | Lost mutation: Your magical capacity is low. (-10% MP)
                  | [potion of mutation]
 91658 | Zot:4    | Gained mutation: Your system is resistant to poisons.
                  | (rPois) [potion of mutation]
 92844 | Zot:5    | Reached skill level 15 in Conjurations
 92844 | Zot:5    | Reached skill level 15 in Summonings
 92844 | Zot:5    | Reached skill level 15 in Translocations
 92857 | Zot:5    | Gained mutation: You tend to lose your temper in combat.
                  | [an orb of fire]
 92859 | Zot:5    | Gained mutation: You do not regenerate when monsters are
                  | visible. [an orb of fire]
 92860 | Zot:5    | Gained mutation: You are frail. (-10% HP) [an orb of fire]
 92871 | Zot:5    | Killed an orb of fire
 92910 | Zot:5    | Lost mutation: You tend to lose your temper in combat.
                  | [evolution]
 93032 | Zot:5    | Got the Orb of Zot
 93578 | D:7      | Found an iron altar of Okawaru.
 93789 | D:$      | Escaped with the Orb!

Vault maps used:
D:1:      mushboom_english_gardens
D:2:      cheibrodos_old_hovel, nicolae_overflow_crystal_walls,
          lemuel_round_altar, kennysheep_jessica_study, uniq_sigmund
D:3:      chequers_temple_overflow_minitemple
D:4:      uniq_robin, uniq_blork_the_orc, uniq_pikel, uniq_grinder
D:5:      minmay_temple_entry_wispy, serial_shops, shop, first_ration,
          uniq_eustachio, uniq_ijyb
D:6:      tgw_trog
D:7:      minmay_the_grid_triangle_9x9_rhombus_full, makhleb_heckhound_becter,
          lemuel_doored_altar, nicolae_overflow_hidden_temple, uniq_joseph
D:8:      gammafunk_beogh_shrine, due_lair_maze_entry_diamond
D:9:      old_standard_altar, overflow_temple_1_default,
          grunt_dithmenos_shadows, basic_altar
D:10:     hiddenorc1_lemuel, kennysheep_small_spiral, uniq_sonja
D:11:     uniq_psyche, uniq_fannar
D:13:     serial_shops, shop, grunt_livestock
D:14:     david_vaults_2, chequers_serial_rivers_large_a, serial_shops,
          nicolae_shop_competitors_out_of_business, st_stairs_1,
          kennysheep_generic_room_3
D:15:     grunt_enter_depths_snipers, due_unseen_surprise, uniq_agnes
Temple:   compressed_dpeg_triangle_lava_temple
Lair:1:   lab_entry_generic, grunt_forest_large_clearing_hut,
          serial_bayou_shore_a
Lair:2:   forest_entry_grove, infiniplex_staircase_pool, grunt_megastairs_2
Lair:3:   basic_altar, minivault_19, lemuel_fruit_fields
Lair:4:   beast_lair_carwin_large_3, shoals_dummy_entry,
          nicolae_spider_entry_orb_guardian, grunt_megastairs_4,
          serial_bayou_shore_b
Lair:5:   serial_bayou_shore_b, uniq_kirke
Lair:6:   guppyfry_lair_end_dragon, hangedman_lair_in_review,
          minmay_slime_entry_oklob_open, basic_altar
Shoals:2: serial_shops, nicolae_shop_crystal, shop_statue,
          nicolae_shop_temple_entry_statues_fountains, shop
Shoals:4: shoals_end_grunt_ice
Spider:3: spiders_nest_spider_trap
Spider:4: guppyfry_spider_rune, einodemon_crawler_minivault
Orc:1:    serial_shops, shop, portal_ice_cave_entry_pillars_1,
          guppyfry_orc_lava_fort
Orc:2:    st_orc_rangers, nicolae_alphabet_shops
Elf:1:    elf_arrival_001, serial_shops, nicolae_shop_trees,
          hangedman_elven_crosses_minicolossus
Elf:2:    serial_shops, shop_statue,
          nicolae_shop_temple_entry_statues_fountains, nicolae_shop_waterfront,
          uniq_saint_roka, uniq_asterion
Vaults:1: nicolae_vaults_big_ls, v_misc_9, vaults_mumra_lcd,
          ontoclasm_vaults_ring_small, nicolae_vaults_border_crossing,
          ontoclasm_vaults_shuriken, hangedman_vaults_variations,
          hangedman_vaults_snaps, nicolae_vaults_what_the_h, v_misc_15,
          enter_trove_3, serial_shops, shop
Vaults:2: vaults_room_fours, v_rooms_1, v_alt_pattern_1,
          ontoclasm_vaults_loading_screen, vaults_room_door_ring,
          dpeg_vaults_waves, stair_cage_open, nicolae_vaults_specimen_jars,
          vaults_dpeg_cross, hangedman_vaults_slice, uniq_nikola
Vaults:3: ontoclasm_vaults_loading_screen, minmay_crypt_entry_simple_statues,
          ontoclasm_vaults_idyll, ontoclasm_vaults_ring_small,
          hangedman_vaults_cutoff, hangedman_vaults_stretched_pinwheel,
          v_alt_pattern_5, v_pattern_4, vaults_room_fours,
          ontoclasm_vaults_pinch, uniq_margery
Vaults:4: nicolae_vaults_rhombus_6, nicolae_vaults_circle_grid_a,
          vaults_dpeg_encased_lava, v_misc_14, nicolae_vaults_little_squares_2,
          serial_shops, shop
Vaults:5: serial_shops
Depths:1: enter_ziggurat_c, lightli_too_deep, hangedman_decor_diamond_cutter,
          hex_medium, nemelex_xobeh_ov_fountains_minmay
Depths:2: hangedman_pleasuredromes, hell_entry
Depths:3: onia_ninara_swampy_vault, hell_entry, abyss_entry,
          rand_demon_pan_entry_4, roderic_lattice_octagonal_star
Depths:4: minmay_central_circle, pf_coc_iceberg, abyss_entry, special_room,
          serial_curves, eino_curves_03, eino_curves_03
Depths:5: evilmike_zot_entry_diamond, serial_sigils_hangedman_leer, hell_entry,
          uniq_mennas
Zot:1:    grunt_ministairs_13
Zot:2:    lemuel_firehouse
Zot:3:    grunt_zot_stairs_faceoff, st_stairs_5, bh_zot_lava_cross
Zot:4:    st_stairs_9
Lab:      labyrinth_mini_lab, labyrinth_skeletal_remains
IceCv:    ice_cave_small_necro

Skill      XL: |  1  2  3  4  5  6  7  8  9 10 11 12 13 14 15 16 17 18 19 20 21 22 23 24 25 26 27 |
---------------+----------------------------------------------------------------------------------+-----
Conjurations   | 2 3 4 5 6 7 8 9 10 11 12 13 14 15 | 15.0
Summonings     | 2 3 4 5 6 7 8 9 10 11 12 13 14 15 | 15.0
Translocations | 2 3 4 5 6 7 8 9 10 11 12 13 14 15 | 15.0
Invocations    | 1 2 3 4 5 6 7 8 9 10 11 12 13 14 15 16 17 18 | 18.5
Fighting       | 1 2 3 4 5 6 7 8 9 10 11 12 13 14 15 16 17 | 17.2
Short Blades   | 1 2 3 4 5 6 7 8 9 10 11 12 13 14 15 16 17 | 17.2
Long Blades    | 1 2 3 4 5 6 7 8 9 10 11 12 13 14 15 16 17 | 17.2
Axes           | 1 2 3 4 5 6 7 8 9 10 11 12 13 14 15 16 17 | 17.2
Maces & Flails | 1 2 3 4 5 6 7 8 9 10 11 12 13 14 15 16 17 | 17.2
Polearms       | 1 2 3 4 5 6 7 8 9 10 11 12 13 14 15 16 17 | 17.2
Staves         | 1 2 3 4 5 6 7 8 9 10 11 12 13 14 15 16 17 | 17.2
Slings         | 1 2 3 4 5 6 7 8 9 10 11 12 13 14 15 16 17 | 17.2
Bows           | 1 2 3 4 5 6 7 8 9 10 11 12 13 14 15 16 17 | 17.2
Crossbows      | 1 2 3 4 5 6 7 8 9 10 11 12 13 14 15 16 17 | 17.2
Throwing       | 1 2 3 4 5 6 7 8 9 10 11 12 13 14 15 16 17 | 17.2
Armour         | 1 2 3 4 5 6 7 8 9 10 11 12 13 14 15 16 17 | 17.2
Shields        | 1 2 3 4 5 6 7 8 9 10 11 12 13 14 15 16 17 | 17.2
Unarmed Combat | 1 2 3 4 5 6 7 8 9 10 11 12 13 14 15 16 17 | 17.2
Evocations     | 1 2 3 4 5 6 7 8 9 10 11 12 13 14 15 16 17 | 17.2
Hexes          | 1 2 3 4 5 6 7 8 9 10 11 12 13 14 | 14.9
Charms         | 1 2 3 4 5 6 7 8 9 10 11 12 13 14 | 14.9
Necromancy     | 1 2 3 4 5 6 7 8 9 10 11 12 13 14 | 14.9
Transmutations | 1 2 3 4 5 6 7 8 9 10 11 12 13 14 | 14.9
Fire Magic     | 1 2 3 4 5 6 7 8 9 10 11 12 13 14 | 14.9
Ice Magic      | 1 2 3 4 5 6 7 8 9 10 11 12 13 14 15 16 17 18 | 18.9
Air Magic      | 1 2 3 4 5 6 7 8 9 10 11 12 13 14 | 14.9
Earth Magic    | 1 2 3 4 5 6 7 8 9 10 11 12 13 14 | 14.9
Poison Magic   | 1 2 3 4 5 6 7 8 9 10 11 12 13 14 | 14.9
Dodging        | 5 6 7 8 9 10 11 12 13 14 15 16 17 18 19 | 19.8
Stealth        | 5 6 7 8 9 10 11 12 13 14 15 16 17 | 17.6
Spellcasting   | 8 9 10 11 12 13 14 15 16 17 18 | 18.3

Action                   |  1- 3 |  4- 6 |  7- 9 | 10-12 | 13-15 | 16-18 | 19-21 | 22-24 | 25-27 || total
-------------------------+-------+-------+-------+-------+-------+-------+-------+-------+-------++-------
Melee: Dagger            |    49 |     5 |       |       |       |       |       |       |       ||    54
       Bite              |     7 |     7 |    20 |   121 |   231 |   225 |   153 |   157 |    46 ||   967
       Rapier            |       |    77 |   247 |   940 |  1602 |  1334 |       |       |       ||  4200
       Punch             |       |       |     2 |       |       |       |       |       |       ||     2
       Demon trident     |       |       |       |       |       |   367 |   178 |       |       ||   545
       Great sword       |       |       |       |       |       |       |   899 |  1029 |   442 ||  2370
       Headbutt          |       |       |       |       |       |       |       |       |    16 ||    16
 Fire: Shortbow          |       |       |    33 |       |       |       |       |       |       ||    33
       Blowgun           |       |       |       |     6 |     5 |       |       |       |       ||    11
Throw: Tomahawk          |     1 |     4 |     1 |    16 |     6 |    12 |       |       |       ||    40
       Javelin           |       |       |       |       |       |     1 |    11 |     1 |     8 ||    21
 Cast: Magic Dart        |    71 |    41 |    79 |   119 |    18 |       |       |       |       ||   328
       Mephitic Cloud    |     3 |     6 |     8 |     5 |     9 |       |       |       |       ||    31
       Conjure Flame     |     3 |     2 |     8 |    45 |    77 |   106 |    49 |     8 |       ||   298
       Call Imp          |     1 |     6 |     5 |     3 |       |       |       |       |       ||    15
       Slow              |       |     1 |     3 |     9 |     3 |       |       |       |     1 ||    17
       Apportation       |       |       |     3 |       |       |     3 |     2 |     2 |     3 ||    13
       Summon Small Mamm |       |       |     1 |       |       |       |       |       |       ||     1
       Summon Lightning  |       |       |       |    14 |    66 |    90 |    67 |    62 |    78 ||   377
       Bolt of Magma     |       |       |       |       |    42 |       |       |       |       ||    42
       Portal Projectile |       |       |       |       |     1 |       |       |       |       ||     1
       Lee's Rapid Decon |       |       |       |       |    13 |     1 |     4 |       |       ||    18
       Iron Shot         |       |       |       |       |    11 |    59 |   106 |   135 |   240 ||   551
       Blink             |       |       |       |       |     4 |     1 |       |     3 |    13 ||    21
       Bolt of Fire      |       |       |       |       |     9 |    17 |    22 |   148 |    93 ||   289
       Regeneration      |       |       |       |       |       |    22 |    15 |     8 |    14 ||    59
       Fireball          |       |       |       |       |       |    96 |    46 |     5 |       ||   147
       Throw Icicle      |       |       |       |       |       |       |     2 |    13 |    30 ||    45
       Freezing Cloud    |       |       |       |       |       |       |     4 |     2 |    15 ||    21
       Deflect Missiles  |       |       |       |       |       |       |     1 |     4 |     2 ||     7
       Summon Butterflie |       |       |       |       |       |       |       |       |     7 ||     7
       Silence           |       |       |       |       |       |       |       |       |     3 ||     3
Invok: Curse Item        |       |       |     1 |     2 |     2 |     2 |     3 |     3 |       ||    13
 Abil: Evoke Ratskin     |       |       |       |       |     1 |       |       |       |       ||     1
Evoke: Wand              |       |       |     1 |     1 |       |       |     1 |       |     3 ||     6
       Fan of gales      |       |       |       |     1 |       |       |       |       |       ||     1
       Lamp of fire      |       |       |       |       |       |       |     2 |       |       ||     2
  Use: Scroll            |       |       |    13 |    17 |    14 |     9 |    15 |    15 |     6 ||    89
       Potion            |       |       |       |     1 |     1 |     3 |     3 |     8 |    23 ||    39
 Stab: Sleeping          |     2 |       |     4 |    17 |    14 |     7 |    10 |    22 |     1 ||    77
       Confused          |       |     1 |     9 |       |     4 |       |       |       |       ||    14
       Distracted        |       |       |     1 |     3 |    15 |    22 |    17 |    20 |     8 ||    86
       Paralysed         |       |       |       |     1 |       |       |       |       |       ||     1
       Petrifying        |       |       |       |       |     1 |       |       |       |       ||     1
       Petrified         |       |       |       |       |     1 |       |       |       |       ||     1
       Invisible         |       |       |       |       |       |       |       |       |     1 ||     1
  Eat: Chunk             |     2 |     5 |    17 |    29 |    43 |    59 |    48 |    48 |    24 ||   275
       Ration            |       |       |     1 |     1 |     5 |     4 |     6 |     2 |     7 ||    26
Armor: Robe              |     2 |       |       |       |       |       |       |       |       ||     2
       Leather armour    |     5 |    16 |    75 |   103 |       |       |       |       |       ||   199
       Scale mail        |       |       |       |   179 |   499 |       |       |       |       ||   678
       Fire dragon scale |       |       |       |       |    90 |   905 |   427 |   528 |   266 ||  2216
Dodge: Dodged            |    22 |    69 |   172 |   500 |   813 |   948 |   579 |   681 |   433 ||  4217
       Deflected         |       |       |       |       |       |       |     4 |    60 |    26 ||    90
Block: Buckler           |       |       |    16 |   209 |   546 |   733 |    27 |       |       ||  1531
       Rpst.: Great sword |       |       |       |       |       |       |   117 |   135 |    65 ||   317

Table legend:
 A = Non-vault XP
 B = Vault XP
 C = Vault XP percentage of total XP
 D = Non-vault monster count
 E = Vault monster count
 F = Vault count percentage of total count
                 A         B        C        D         E       F
            +---------+---------+-------+---------+---------+-------
      Total |  660873 |  676732 |  50.6 |    1441 |     833 |  36.6
            +---------+---------+-------+---------+---------+-------
        D:1 |      29 |       0 |   0.0 |      18 |       0 |   0.0
        D:2 |      26 |     212 |  89.1 |       9 |       4 |  30.8
        D:3 |     265 |     272 |  50.7 |      36 |       1 |   2.7
        D:4 |     112 |     850 |  88.4 |       8 |      15 |  65.2
        D:5 |     450 |     184 |  29.0 |      20 |       2 |   9.1
        D:6 |    1094 |       9 |   0.8 |      20 |       5 |  20.0
        D:7 |    1369 |    2129 |  60.9 |      21 |      25 |  54.3
        D:8 |    1944 |    1331 |  40.6 |      26 |      21 |  44.7
        D:9 |    2513 |      18 |   0.7 |      25 |       3 |  10.7
       D:10 |    1421 |    1013 |  41.6 |      35 |      16 |  31.4
       D:11 |    6731 |    1092 |  14.0 |      40 |       2 |   4.8
       D:12 |    4036 |       0 |   0.0 |      22 |       0 |   0.0
       D:13 |    5607 |     835 |  13.0 |      43 |       5 |  10.4
       D:14 |    4882 |    3567 |  42.2 |      25 |       8 |  24.2
       D:15 |   15349 |    7250 |  32.1 |      46 |       8 |  14.8
     Lair:1 |    2334 |     879 |  27.4 |      15 |       3 |  16.7
     Lair:2 |    3495 |    1486 |  29.8 |      19 |       9 |  32.1
     Lair:3 |    2862 |       0 |   0.0 |      17 |       0 |   0.0
     Lair:4 |   10552 |    5608 |  34.7 |      31 |      14 |  31.1
     Lair:5 |   13447 |    2354 |  14.9 |      62 |       5 |   7.5
     Lair:6 |    4789 |   12718 |  72.6 |      24 |      38 |  61.3
   Shoals:1 |    9124 |       0 |   0.0 |      24 |       0 |   0.0
   Shoals:2 |   14505 |       0 |   0.0 |      34 |       0 |   0.0
   Shoals:3 |   16742 |     672 |   3.9 |      38 |       1 |   2.6
   Shoals:4 |   13893 |   15150 |  52.2 |      33 |      29 |  46.8
   Spider:1 |    5062 |       0 |   0.0 |      22 |       0 |   0.0
   Spider:2 |   10632 |       0 |   0.0 |      34 |       0 |   0.0
   Spider:3 |    7285 |    1949 |  21.1 |      21 |       5 |  19.2
   Spider:4 |   17245 |   22552 |  56.7 |      41 |      46 |  52.9
      Orc:1 |    3560 |    2251 |  38.7 |      39 |       9 |  18.8
      Orc:2 |    2599 |    4203 |  61.8 |      19 |      43 |  69.4
      Elf:1 |    9796 |   11985 |  55.0 |      22 |      19 |  46.3
      Elf:2 |    9012 |    6535 |  42.0 |      19 |      11 |  36.7
   Vaults:1 |   30996 |   20693 |  40.0 |      72 |      38 |  34.5
   Vaults:2 |   11146 |   16466 |  59.6 |      35 |      24 |  40.7
   Vaults:3 |   34047 |   22011 |  39.3 |      65 |      27 |  29.3
   Vaults:4 |   34831 |     917 |   2.6 |      45 |       1 |   2.2
   Vaults:5 |    5961 |  101847 |  94.5 |       7 |      84 |  92.3
   Depths:1 |   42508 |    8620 |  16.9 |      55 |      10 |  15.4
   Depths:2 |     990 |   75698 |  98.7 |       4 |      79 |  95.2
   Depths:3 |   28143 |   18039 |  39.1 |      42 |      21 |  33.3
   Depths:4 |   28103 |   89248 |  76.1 |      35 |      50 |  58.8
   Depths:5 |   30911 |   16606 |  34.9 |      45 |      11 |  19.6
      Zot:1 |   22091 |    3492 |  13.6 |      13 |       2 |  13.3
      Zot:2 |   45026 |   13006 |  22.4 |      29 |      27 |  48.2
      Zot:3 |   25713 |   26787 |  51.0 |      17 |      17 |  50.0
      Zot:4 |   69710 |    2216 |   3.1 |      44 |       2 |   4.3
      Zot:5 |   47935 |  148170 |  75.6 |      25 |      38 |  60.3
        Lab |       0 |     891 | 100.0 |       0 |       1 | 100.0
      IceCv |       0 |    4921 | 100.0 |       0 |      54 | 100.0
            +---------+---------+-------+---------+---------+-------
